 Dungeon Crawl Stone Soup version 0.29-a0-352-g0917bc69df (webtiles) character file.

Game seed: 5764019504884026766

189 spaghetti the Sneak (level 5, -19/37 HPs)
             Began as an Octopode Chaos Knight on Apr 23, 2022.
             Was a Plaything of Xom.
             Killed by an exploding gnoll (29 damage)
             ... ignited by their inner flame
             ... on level 3 of the Dungeon.
             The game lasted 00:05:51 (2689 turns).

spaghetti the Sneak (Octopode Chaos Knight)         Turns: 2689, Time: 00:05:51

Health: -19/37     AC:  1    Str: 10 (12) XL:     5   Next: 68%
Magic:  5/5        EV: 14    Int: 12 (14) God:    Xom [.....*]
Gold:   160        SH:  0    Dex: 13      Spells: 4/4 levels left

rFire   . . .      SeeInvis .   a - +0 short sword (chaos) {short}
rCold   . . .      Faith    .   (no shield)
rNeg    . . .      Spirit   .   (helmet restricted)
rPois   +          Reflect  .   i - amulet of the acrobat
rElec   .          Harm     .   (no ring)
rCorr   .          Rampage  .   (no ring)
Will    .....                   (no ring)
Stlth   ++++......              (no ring)
HPRegen 0.12/turn               (no ring)
MPRegen 0.09/turn               (no ring)
                                (no ring)
                                (no ring)

@: no status effects
A: almost no armour, amphibious, 8 rings, camouflage 1, gelatinous body 1,
(nimble swimmer 1), tentacles, poison resistance, wild magic 1
a: Renounce Religion


You were on level 3 of the Dungeon.
You worshipped Xom.
You were Xom's teddy bear.
You visited 1 branch of the dungeon, and saw 4 of its levels.

You collected 160 gold pieces.


Innate Abilities, Weirdness & Mutations

You cannot wear most types of armour.
You are amphibious.
You can wear up to eight rings at the same time.
Your skin changes colour to match your surroundings (Stealth+).
Your rubbery body absorbs attacks. (AC +1, EV +1)
((You are camouflaged when in or above water. (Stealth+)))
You have tentacles for arms and can constrict up to eight enemies at once.
Your system is resistant to poisons. (rPois)
Your spells are a little harder to cast, but a little more powerful.


   Skills:
 + Level 4.0 Fighting
 - Level 3.0 Short Blades
 + Level 3.5 Dodging
 * Level 5.2 Stealth


You had 4 spell levels left.
You didn't know any spells.
Your spell library was empty.

Inventory:

Hand Weapons
 a - a +0 short sword of chaos (weapon) {short}
Missiles
 f - 60 stones (quivered) {throwing}
 n - 6 poisoned darts {throwing}
Armour
 c - a +0 kite shield
   (You found it on level 2 of the Dungeon)
Jewellery
 i - an amulet of the acrobat (around mantle)
   (You found it on level 1 of the Dungeon)
Scrolls
 d - 2 scrolls of enchant weapon {unknown}
 g - 3 scrolls of identify {unknown}
 k - a scroll of vulnerability {unknown}
 l - 3 scrolls of magic mapping {unknown}
 o - 3 scrolls of fog {unknown}
 q - a scroll of amnesia {unknown}
Potions
 e - a potion of haste {unknown}
 j - 2 potions of degeneration {!q@e2}
 p - a potion of resistance
Miscellaneous
 b - a piece from Xom's chessboard (15/15)

Dungeon Overview and Level Annotations

Branches:
Dungeon (4/15)
 Temple: D:4-7

Altars:
Fedhas

Shops:
D:2

= #### ...#
##.######
###########
........#
#bb@○g.....
##.####.###
#b####.####
..........# #.#
##.####.#.# #.#
#.# #.# #.#.#
#.# #.# #.#
#.#.# #.# #.#
##.####.#.####.#
#.#
.........#..##.#
#.#
...##.....#.##.#
#.#


You could see a gnoll (inner flame, strong, ally target).


Message History

No target in view!
No target in view!
No target in view!
No target in view!
No target in view!
No target in view!
No target in view!
No target in view!
No target in view!
No target in view!
No target in view!
No target in view!
No target in view!
No target in view!
Things that are here:
a +0 club {mace}; an orc corpse A worm is nearby!
A worm is nearby!
The worm closely misses you.
You hit the worm but do no damage.
The worm goes berserk!
You grab the worm. You squeeze the worm. You constrict the worm.
You hit the worm. Lightning courses through the worm! You squeeze the worm.
You kill the worm!
o - 3 scrolls labelled JONEIX ZUULOSH (gained 1)
You hear the quick rusting of a very distant drain.
g - 3 scrolls labelled NOABLISURGH (gained 1)
q - a scroll labelled QERRAGRAROI Unknown command.
Unknown command.
f - 60 stones {throwing} (gained 16)
You see here a +0 club {mace}.
A kobold is nearby!
A kobold is nearby!
A kobold is nearby!
The kobold shouts!
The kobold completely misses you.
You hit the kobold but do no damage. Your grab misses the kobold.
The kobold barely misses you.
You miss the kobold. You grab the kobold. You constrict the kobold.
The kobold barely misses you.
You hit the kobold.
You kill the kobold!
No target in view!
No target in view!
No target in view!
No target in view!
No target in view!
No target in view!
No target in view!
Things that are here:
a +0 whip {mace}; a kobold corpse You hear the quick rusting of a very distant drain.
You see here a +0 club {mace}.
There is a stone staircase leading down here.
The gnoll shouts!
You hear a shout!
You catch the helpless gnoll completely off-guard!
You puncture the gnoll!
The gnoll shouts!
The gnoll seems to grow stronger.
You grab the gnoll. You constrict the gnoll.
The gnoll hits you with a +0 spear!
You are too injured to fight recklessly! 😕 HP[-9]
You take 9 damage, and now have 28/37 hp.
MASSIVE DAMAGE!! (PAUSE)
You hit the gnoll. You constrict the gnoll.
The gnoll hits you with a +0 spear. 😮 HP[-5]
You take 5 damage, and now have 23/37 hp.
You barely miss the gnoll. You squeeze the gnoll.
You kill the gnoll!
Your Fighting skill increases to level 4! 😮 HP[+1]
The gnoll hits you with a +0 whip. The gnoll closely misses you.
Things that are here:
a +0 spear {polearm}; a gnoll corpse; 😮 HP[-4]
You take 4 damage, and now have 20/37 hp.
You hit the gnoll but do no damage.
The gnoll appears confused.
You grab the gnoll. You constrict the gnoll.
The gnoll hits you from afar with a +0 halberd!
* * * LOW HITPOINT WARNING * * *
A shower of butterflies erupts from you!
The gnoll misses you. 😱 HP[-16]
You take 16 damage, and now have 4/37 hp.
MASSIVE DAMAGE!! (PAUSE)
You feel better.
You constrict the gnoll. The gnoll closely misses you.
The gnoll drinks a potion.
The gnoll seems to grow stronger. 😨 HP[+6]
You regained 6 hp, and now have 10/37 hp.
As you read the scroll labelled HUKYURITUM, it crumbles to dust.
The creatures around you are filled with an inner flame!
It was a scroll of immolation.
You constrict the gnoll.
Flame seeps out of the gnoll.
The gnoll is engulfed in blazing flames.
The gnoll explodes!
The fiery explosion engulfs you!!
Ouch! That really hurt!
You die...
Xom cackles wildly!

Skill      XL: |  1  2  3  4  5 |
---------------+----------------+-----
Stealth        | 1 2 3 4 5 |  5.2
Dodging        | 3 |  3.5
Fighting       | 4 |  4.0
Short Blades   | |  3.0

Action                   |  1- 3 |  4- 6 || total
-------------------------+-------+-------++-------
Melee: Short sword       |    69 |    59 ||   128
       Constrict         |    20 |    20 ||    40
       Tentacles         |    13 |    16 ||    29
       Punch             |     3 |       ||     3
Throw: Stone             |    48 |     6 ||    54
  Use: Potion            |     1 |     7 ||     8
       Scroll            |       |     1 ||     1
 Stab: Sleeping          |     4 |     5 ||     9
       Distracted        |       |     1 ||     1
Armor: Skin              |    13 |     4 ||    17
Dodge: Dodged            |    73 |    43 ||   116

Levels and vault maps discovered:
D:1:      psy_arrival_conway, layout_rooms, basic_ecumenical_altar,
          minmay_splitting_lines, minmay_hexomino_r4
D:2:      layout_loops_ring, serial_shops, nicolae_diamond_shop, uniq_robin
D:3:      layout_loops_ring, portal_sewer_entry_a, kennysheep_orc_chapel
D:4:      cheibrodos_thug_alley, layout_rooms, kennysheep_generic_room_3

Notes
Turn   | Place    | Note
-------+----------+-------------------------------------------
     0 | D:1      | spaghetti the Octopode Chaos Knight began the quest for the
                  | Orb.
     0 | D:1      | Reached XP level 1. HP: 16/16 MP: 1/1
     0 | D:1      | magus.rc [v1.9.6]
   198 | D:1      | XOM: silly message
   220 | D:1      | Reached skill level 1 in Stealth
   268 | D:1      | Reached XP level 2. HP: 18/21 MP: 2/2
   393 | D:1      | XOM: silly message
   400 | D:1      | Found a faded altar of an unknown god.
   422 | D:1      | Reached skill level 2 in Stealth
   446 | D:1      | XOM: smoke on damage
   446 | D:1      | XOM: smoke on damage
   447 | D:1      | HP: 4/21 [quokka (2)]
   463 | D:1      | Reached XP level 3. HP: 12/26 MP: 3/3
   628 | D:1      | Found a blossoming altar of Fedhas.
  1014 | D:2      | XOM: scenery: summon butterflies
  1053 | D:2      | XOM: 2-stop teleportation journey
  1060 | D:2      | Reached skill level 3 in Stealth
  1062 | D:2      | XOM: polymorph giant cockroach -> orc
  1236 | D:2      | Found Nuelok's Jewellery Emporium.
  1297 | D:2      | Reached skill level 3 in Dodging
  1300 | D:2      | XOM: divination: detect creatures
  1380 | D:2      | Reached XP level 4. HP: 31/31 MP: 4/4
  1406 | D:2      | Noticed Robin
  1426 | D:2      | XOM: confuse monster(s)
  1730 | D:2      | Killed Robin
  2094 | D:3      | Reached skill level 4 in Stealth
  2323 | D:3      | XOM: god gift: 54 gold pieces
  2424 | D:4      | HP: 2/33 [orc priest/divine providence (12)]
  2429 | D:4      | HP: 8/33 [orc priest/+0 hand axe (6)]
  2432 | D:4      | Reached XP level 5. HP: 32/37 MP: 5/5
  2438 | D:4      | Reached skill level 5 in Stealth
  2537 | D:3      | XOM: give mutations
  2537 | D:3      | Gained mutation: Your system is resistant to poisons.
                  | (rPois) [Xom's grace]
  2537 | D:3      | Gained mutation: Your spells are a little harder to cast,
                  | but a little more powerful. [Xom's grace]
  2686 | D:3      | Reached skill level 4 in Fighting
  2687 | D:3      | HP: 4/37 [gnoll/+0 halberd (16)]
  2687 | D:3      | XOM: butterfly on damage
  2689 | D:3      | Killed by an exploding gnoll... ignited by their inner
                  | flame

Vanquished Creatures
  2 orc priests (D:4)
  Robin (D:2)
  3 gnolls (D:3)
  2 adders (D:2)
  2 worms
  A dart slug (D:1)
  4 orcs
  3 ball pythons
  3 endoplasms
  4 giant cockroaches
  5 hobgoblins (D:2)
  3 jackals (D:1)
  4 quokkas
  7 bats
  A frilled lizard (D:2)
  14 goblins
  6 kobolds
  6 rats
71 creatures vanquished.

Table legend:
 A = Non-vault XP
 B = Vault XP
 C = Vault XP percentage of total XP
 D = Non-vault monster count
 E = Vault monster count
 F = Vault count percentage of total count
                 A         B        C        D         E       F
            +---------+---------+-------+---------+---------+-------
      Total |     248 |      38 |  13.3 |      57 |      14 |  19.7
            +---------+---------+-------+---------+---------+-------
        D:1 |      32 |       5 |  13.5 |      20 |       3 |  13.0
        D:2 |      52 |      33 |  38.8 |      16 |      11 |  40.7
        D:3 |      71 |       0 |   0.0 |      15 |       0 |   0.0
        D:4 |      93 |       0 |   0.0 |       6 |       0 |   0.0
            +---------+---------+-------+---------+---------+-------

Illustrated notes

Table legend:
 A = Kills in this place as a percentage of kills in entire the game.
 B = Kills by you in this place as a percentage of kills by you in the entire game.
 C = Kills by friends in this place as a percentage of kills by friends in the entire game.
 D = Other kills in this place as a percentage of other kills in the entire game.
 E = Experience gained in this place as a percentage of experience gained in the entire game.
 F = Experience gained in this place divided by the number of levels of this place that you have seen.
                   A       B       C       D       E      F
               +-------+-------+-------+-------+-------+----------------------
         Total | 100.0 | 100.0 |   N/A | 100.0 | 100.0 |  71.5
       Dungeon | 100.0 | 100.0 |   N/A | 100.0 | 100.0 |  71.5
               +-------+-------+-------+-------+-------+----------------------

Table legend: (Time is in decaauts)
 A = Elapsed time spent in this place.
 B = Non-inter-level travel time spent in this place.
 C = Inter-level travel time spent in this place.
 D = Time resting spent in this place.
 E = Time spent auto-exploring this place.
 F = Levels seen in this place.
 G = Mean time per level.
                   A        B        C        D        E       F      G
               +--------+--------+--------+--------+--------+-----+--------+
         Total |   2687 |   2590 |     97 |    503 |   1631 |   4 |  671.8 |
       Dungeon |   2687 |   2590 |     97 |    503 |   1631 |   4 |  671.8 |
               +--------+--------+--------+--------+--------+-----+--------+

Top non-repeatable levels by time:
     D:2: 1300 daAuts
     D:1: 782 daAuts
     D:3: 569 daAuts
     D:4: 35 daAuts
